 Dungeon Crawl Stone Soup version 0.31-a0-210-gccc998df9b (webtiles) character file.

Game seed: 4365057261732409267

281 qw the Chopper (level 6, -1/38 HPs)
             Began as a Gargoyle Fighter on June 29, 2023.
             Slain by a gnoll
             ... wielding a +2 vampiric halberd
              (8 damage)
             ... on level 4 of the Dungeon.
             The game lasted 00:01:04 (2578 turns).

qw the Chopper (Gargoyle Fighter)                   Turns: 2578, Time: 00:01:05

Health: -1/38      AC: 16    Str: 22    XL:     6   Next: 27%
Magic:  6/6        EV:  8    Int:  8    God:
Gold:   52         SH:  4    Dex:  9    Spells: 5/5 levels left

rFire   . . .        Y - +0 war axe
rCold   . . .        c - +0 buckler
rNeg    + . .        g - +0 chain mail
rPois   inf          k - +1 helmet
rElec   +            i - +0 cloak
rCorr   .            (no gloves)
SInv    .            (no boots)
Will    .....        (no amulet) Stlth
                     (no ring)
HPRegen 0.26/turn    (no ring)
MPRegen 0.10/turn

%: no passive effects
@: no status effects
A: sickness immunity, AC +4, negative energy resistance 1, electricity
resistance, torment resistance 1, petrification resistance
a: no special abilities


You were on level 4 of the Dungeon.
You visited 1 branch of the dungeon, and saw 4 of its levels.

You collected 117 gold pieces.
You spent 65 gold pieces at shops.


Innate Abilities, Weirdness & Mutations

You are immune to sickness and miasma.
Your stone body is resilient. (AC +4)
You are immune to poison.
You resist negative energy. (rN+)
You are resistant to electric shocks. (rElec)
You are resistant to unholy torment.
You are immune to petrification.


   Skills:
 - Level 4.0 Fighting
 + Level 5.5 Axes
 - Level 3.2 Armour
 - Level 3.2 Shields


You had 5 spell levels left.
You didn't know any spells.
Your spell library was empty.

Inventory:

Hand Weapons
 b - a +0 flail
 Y - a +0 war axe (weapon)
Missiles
 e - 2 boomerangs (quivered)
Armour
 c - a +0 buckler (worn)
 g - a +0 chain mail (worn)
 i - a +0 cloak (worn)
 k - a +1 helmet (worn)
Scrolls
 a - a scroll of identify
 f - a scroll of immolation {unknown}
 p - a scroll of noise {unknown}
Potions
 d - a potion of might
 h - a potion of degeneration {unknown}
 j - 2 potions of curing {unknown}
 l - a potion of lignification
 m - a potion of heal wounds {unknown}
 n - a potion of attraction {unknown}
 o - 2 potions of haste {unknown}

Dungeon Overview and Level Annotations

Branches:
Dungeon (4/15)
 Temple: D:4-7

Altars:
Elyvilon

Shops:
D:2 [*:?


Message History

Enter note:
Enter note:
Enter note:
Enter note:
Enter note:
Enter note:
Enter note: You slash the gnoll!
You kill the gnoll!
You closely miss the gnoll. You block the gnoll's attack.
The quokka bites you but does no damage.
You barely miss the gnoll. You closely miss the quokka.
The gnoll hits you but does no damage. The quokka barely misses you.
The gnoll hits you with a +2 vampiric halberd.
You barely miss the gnoll. You closely miss the quokka.
The quokka bites you but does no damage.
The gnoll hits you with a +2 vampiric halberd!
You block the quokka's attack.
You completely miss the gnoll. You miss the quokka.
The gnoll hits you but does no damage.
The quokka bites you but does no damage.
You hit the gnoll but do no damage. You hit the quokka.
You kill the quokka!
The gnoll hits you with a +2 vampiric halberd.
You barely miss the gnoll. The gnoll hits you but does no damage.
You block the gnoll's attack.
You barely miss the gnoll. The gnoll closely misses you.
You barely miss the gnoll.
The gnoll hits you with a +2 vampiric halberd.
You barely miss the gnoll. The gnoll hits you but does no damage.
You hit the gnoll.
The gnoll is moderately wounded.
The gnoll barely misses you. x2
You hit the gnoll but do no damage.
The gnoll is moderately wounded.
The gnoll hits you with a +2 vampiric halberd!
You die...

####.#.#.#.#.#
#......#
#.#.#.#.#.#.
#......#
##.#.#.#.#.#
#......#
#.#.#.#.#.#.
#......#
##.#.#.#.#.#
###......#
#.#.#.#.#.#.
#........
##.#.#.#.#+#
#.#...)g#
#.#.#.#.....
#......@#
########....
#######.# #....
#.# #.... #.#
#.... #.#
######....
#.#######....+....
#.##.....#.###....
#.##.###.#.#......
#.##.# #.#.#^.....


You could see a gnoll.

Vanquished Creatures
  A kobold brigand (D:4)
  A howler monkey (D:3)
  A hound (D:4)
  An orc wizard (D:3)
  2 gnolls (D:4)
  3 adders
  A dart slug (D:4)
  4 orcs (D:3)
  2 ball pythons
  6 endoplasms
  2 giant cockroaches
  15 goblins
  5 hobgoblins
  4 jackals
  3 kobolds
  2 quokkas
  7 bats
  3 frilled lizards (D:1)
  3 rats
66 creatures vanquished.

Notes
Turn   | Place    | Note
-------+----------+-------------------------------------------
     0 | D:1      | qw the Gargoyle Fighter began the quest for the Orb.
     0 | D:1      | Reached XP level 1. HP: 14/14 MP: 1/1
     0 | D:1      | 0 ||| qw: Version: 0.3-a-24-ga2abf7b
     0 | D:1      | 0 ||| qw: Game counter: 7045
     0 | D:1      | 0 ||| qw: Melee chars always use a shield: true
     0 | D:1      | 0 ||| qw: God list: Okawaru
     0 | D:1      | 0 ||| qw: Allow faded altars: false
     0 | D:1      | 0 ||| qw: Do Orc after clearing Dungeon:15 true
     0 | D:1      | 0 ||| qw: Do second Lair branch before Depths: true
     0 | D:1      | 0 ||| qw: Lair rune preference: random
     0 | D:1      | 0 ||| qw: Goals: Normal, Zot:1-4, Slime:5, God:TSO, Crypt,
                  | Tomb, Abyss, Pan, Hells, Win
     0 | D:1      | 0 ||| PLANNING D:1-11
   250 | D:1      | Reached skill level 2 in Axes
   321 | D:1      | Reached XP level 2. HP: 19/19 MP: 2/2
   560 | D:1      | Reached skill level 3 in Axes
   687 | D:1      | 687 ||| READING scroll labelled GOHINU MITHRUGESS.
   688 | D:1      | 688 ||| READING scroll labelled VARYUN VAOPP.
   691 | D:2      | Found Bonkam's Magic Scroll Shop.
   694 | D:2      | 694 ||| BUYING scroll of identify (22 gold).
   694 | D:2      | Bought a scroll of identify for 22 gold pieces
   694 | D:2      | 694 ||| BUYING scroll of identify (22 gold).
   694 | D:2      | Bought a scroll of identify for 22 gold pieces
   694 | D:2      | 694 ||| SHOPLISTING scroll of identify (22 gold, have 7).
   694 | D:2      | 694 ||| SHOPLISTING scroll of teleportation (33 gold, have
                  | 7).
   749 | D:2      | Reached XP level 3. HP: 23/23 MP: 3/3
   754 | D:2      | 754 ||| Stepping ~*~*~tactically~*~*~ (stealth).
   976 | D:2      | Found Mymaog's Assorted Antiques.
   982 | D:2      | 982 ||| SHOPLISTING 2 scrolls labelled LUHOC VIRYCUS (48
                  | gold, have 39).
   982 | D:2      | 982 ||| BUYING amethyst potion (21 gold).
   982 | D:2      | Bought an amethyst potion for 21 gold pieces
   982 | D:2      | 982 ||| SHOPLISTING glowing gold wand (96 gold, have 18).
   982 | D:2      | 982 ||| SHOPLISTING red potion (21 gold, have 18).
   982 | D:2      | 982 ||| SHOPLISTING scroll labelled LEAHIC TUWAP (24 gold,
                  | have 18).
  1142 | D:2      | Found Berhuaff's Book Emporium.
  1191 | D:2      | Found Xibrakig's Antique Armour Emporium.
  1199 | D:2      | 1199 ||| SHOPLISTING chain mail (112 gold, have 18).
  1199 | D:2      | 1199 ||| SHOPLISTING pair of runed gloves (187 gold, have
                  | 18).
  1199 | D:2      | 1199 ||| SHOPLISTING runed helmet (187 gold, have 18).
  1199 | D:2      | 1199 ||| SHOPLISTING runed ring mail (175 gold, have 18).
  1390 | D:2      | 1390 ||| UPGRADING to +1 helmet.
  1395 | D:2      | 1395 ||| DROPPING ring of flight.
  1396 | D:2      | 1396 ||| READING 2 scrolls of identify.
  1396 | D:2      | 1396 ||| IDENTIFYING sedimented inky potion
  1397 | D:2      | 1397 ||| DROPPING potion of ambrosia.
  1427 | D:3      | Found a white marble altar of Elyvilon.
  1560 | D:3      | 1560 ||| DROPPING +0 club.
  1834 | D:3      | 1834 ||| UPGRADING to +0 chain mail.
  1844 | D:3      | 1844 ||| DROPPING +0 scale mail.
  1845 | D:3      | 1845 ||| UPGRADING to +0 cloak.
  1850 | D:3      | 1850 ||| READING scroll labelled VOKKOUP DEDWASK.
  1851 | D:3      | 1851 ||| READING scroll labelled UMOORESATO.
  1869 | D:3      | 1869 ||| DRINKING 2 fuming blue potions.
  1905 | D:4      | Reached XP level 4. HP: 23/28 MP: 4/4
  1905 | D:4      | 1905 ||| STAIRDANCE
  1909 | D:3      | Reached skill level 4 in Axes
  1941 | D:4      | 1941 ||| STAIRDANCE
  2005 | D:3      | 2005 ||| DROPPING +0 mace.
  2012 | D:4      | 2012 ||| STAIRDANCE
  2013 | D:4      | Noticed a kobold brigand
  2018 | D:3      | Reached XP level 5. HP: 21/32 MP: 5/5
  2073 | D:4      | Killed a kobold brigand
  2074 | D:4      | Reached skill level 5 in Axes
  2079 | D:4      | 2079 ||| FLEEEEING.
  2080 | D:4      | 2080 ||| FLEEEEING.
  2081 | D:4      | 2081 ||| STAIRDANCE
  2130 | D:4      | 2130 ||| Stepping ~*~*~tactically~*~*~ (stealth).
  2202 | D:4      | 2202 ||| Stepping ~*~*~tactically~*~*~ (stealth).
  2212 | D:4      | Reached XP level 6. HP: 22/38 MP: 6/6
  2295 | D:4      | 2295 ||| Stepping ~*~*~tactically~*~*~ (hiding).
  2326 | D:4      | 2326 ||| Stepping ~*~*~tactically~*~*~ (stealth).
  2575 | D:4      | HP: 6/38 [gnoll/+2 vampiric halberd (6)]
  2578 | D:4      | Slain by a gnoll

Levels and vault maps discovered:
D:1:      lemuel_arrival_muddy, layout_basic, chequers_decorated_corner,
          minmay_pentomino_r2
D:2:      kennysheep_the_goblin_king, layout_basic, serial_shops, shop, shop,
          nicolae_shop_gibbet_a_chance, shop
D:3:      layout_rooms, mainiacjoe_overflow_small_starburst
D:4:      layout_basic, serial_shops, shop

Skill      XL: |  1  2  3  4  5  6 |
---------------+-------------------+-----
Axes           | 2 3 4 5 |  5.5
Fighting       | 4 |  4.0
Armour         | |  3.2
Shields        | |  3.2

Action                     |  1- 3 |  4- 6 || total
---------------------------+-------+-------++-------
  Melee: War axe           |    73 |    67 ||   140
  Throw: Boomerang         |    62 |     8 ||    70
    Use: Scroll            |     5 |       ||     5
         Potion            |     1 |       ||     1
 Armour: Scale mail        |    38 |       ||    38
         Chain mail        |    12 |    50 ||    62
  Dodge: Dodged            |    51 |    38 ||    89
  Block: Buckler           |    18 |    16 ||    34

Table legend:
 A = Non-vault XP
 B = Vault XP
 C = Vault XP percentage of total XP
 D = Non-vault monster count
 E = Vault monster count
 F = Vault count percentage of total count
                 A         B        C        D         E       F
            +---------+---------+-------+---------+---------+-------
      Total |     384 |      18 |   4.5 |      57 |       9 |  13.6
            +---------+---------+-------+---------+---------+-------
        D:1 |      27 |       4 |  12.9 |      18 |       2 |  10.0
        D:2 |      19 |      14 |  42.4 |       5 |       7 |  58.3
        D:3 |     132 |       0 |   0.0 |      18 |       0 |   0.0
        D:4 |     206 |       0 |   0.0 |      16 |       0 |   0.0
            +---------+---------+-------+---------+---------+-------
